 Dungeon Crawl Stone Soup version 0.30.0-29-ga12c61a403 (webtiles) character file.

Game seed: 5468762029256706884

483 ChadusMaximus the Conjurer (level 7, -2/46 HPs)
             Began as a Human Conjurer on June 11, 2023.
             Was an Initiate of Sif Muna.
             Slain by a gnoll sergeant
             ... wielding a +1 heavy spear
              (14 damage)
             ... on level 6 of the Dungeon.
             The game lasted 00:11:15 (4621 turns).

ChadusMaximus the Conjurer (Human Conjurer)         Turns: 4621, Time: 00:11:15

Health: -2/46      AC:  3    Str:  8    XL:     7   Next: 34%
Magic:  13/13      EV: 12    Int: 20    God:    Sif Muna [......]
Gold:   324        SH:  0    Dex: 11    Spells: 11/14 levels left

rFire   + . .        z - +9 flail "Ivuj" {elec, rF+}
rCold   . . .        (no shield)
rNeg    . . .        a - +0 robe
rPois   .            (no helmet)
rElec   .            (no cloak)
rCorr   .            d - +0 pair of gloves
SInv    .            (no boots)
Will    .....        D - amulet of magic regeneration
Stlth   ++           f - ring of flight
HPRegen 0.27/turn    (no ring)
MPRegen 0.53/turn

%: no passive effects
@: flying
A: no striking features
a: Renounce Religion


You were on level 6 of the Dungeon.
You worshipped Sif Muna.
Sif Muna was noncommittal.
You visited 2 branches of the dungeon, and saw 6 of its levels.
You also visited: Sewer.

You collected 324 gold pieces.

Inventory:

Hand Weapons
 g - a +0 hand axe
 h - a +2 dagger of speed
 q - a +2 flail of protection
 z - the +9 flail "Ivuj" (weapon) {elec, rF+}
   (You found it on level 4 of the Dungeon)

   rF:        It protects you from fire.
 E - a +3 mace
Armour
 a - a +0 robe (worn)
 d - a +0 pair of gloves (worn)
 t - a +0 buckler
Jewellery
 f - a ring of flight (left hand)
 D - an amulet of magic regeneration (around neck)
Wands
 o - a wand of polymorph (11)
 x - a wand of flame (16)
Scrolls
 c - 2 scrolls of butterflies
 l - a scroll of torment
 m - a scroll of amnesia
 p - a scroll of enchant armour
 r - a scroll of poison
 u - 2 scrolls of immolation
 w - a scroll of teleportation
 y - a scroll of fog
 B - a scroll of fear {unknown}
 C - a scroll of brand weapon {unknown}
Potions
 b - 2 potions of magic
 e - a potion of mutation {unknown}
 i - a potion of heal wounds {unknown}
 j - 2 potions of ambrosia
 k - a potion of brilliance {unknown}
 n - a potion of might {unknown}
 s - a potion of berserk rage {unknown}
 v - a potion of curing
 A - 2 potions of invisibility {unknown}


   Skills:
 - Level 2.2 Dodging
 - Level 2.2 Stealth
 + Level 4.1 Spellcasting
 * Level 7.1 Conjurations


You had 11 spell levels left.
You knew the following spells:

 Your Spells              Type           Power      Damage    Failure   Level
a - Magic Dart            Conj           100%       1d8       1%          1
b - Searing Ray           Conj           64%        2d6       1%          2

Your spell library contained the following spells:

 Spells                   Type           Power      Damage    Failure   Level
 Dazzling Flash           Conj/Hex       36%        N/A       9%          3
 Fulminant Prism          Conj/Hex       9%         3d7       28%         4
 Iskenderun's Mystic Bla  Conj/Tloc      18%        2d6       28%         4


Dungeon Overview and Level Annotations

Branches:
Dungeon (4/15)             Temple (1/1) D:4           Sewer (visited)

Altars:
Elyvilon
Hepliaklqana
Nemelex Xobeh
Sif Muna
Uskayaw
Xom

Shops:
D:4 !

Annotations:
D:4 Ijyb, Robin


Message History

A gnoll comes into view. It is wielding a +0 flail.
Casting: Magic Dart (safe; 1% risk of failure)
Confirm with . or Enter, or press ? or * to list all spells.
Aiming: Magic Dart (safe; 1% risk of failure)
Press: ? - help, Shift-Dir - straight line, f/p - gnoll sergeant
Aim: a gnoll sergeant, wielding a +1 heavy spear and wearing a +0 scale mail (100% to hit)
The magic dart hits the gnoll sergeant but does no damage.
Casting: Magic Dart (safe; 1% risk of failure)
Confirm with . or Enter, or press ? or * to list all spells.
Aiming: Searing Ray (safe; 1% risk of failure)
Press: ? - help, Shift-Dir - straight line, f/p - gnoll sergeant
Aim: a gnoll sergeant, wielding a +1 heavy spear and wearing a +0 scale mail (86% to hit)
The searing ray misses the gnoll sergeant.
The searing ray hits the gnoll!
The gnoll is severely wounded. (Press . to maintain the ray.)
The gnoll sergeant hits you from afar with a +1 heavy spear!
The searing ray hits the gnoll sergeant!
The gnoll sergeant is moderately wounded.
The searing ray misses the gnoll.
The gnoll sergeant hits you from afar with a +1 heavy spear!
The searing ray hits the gnoll sergeant but does no damage.
The gnoll sergeant is moderately wounded.
The searing ray hits the gnoll!
You kill the gnoll!
Sif Muna accepts your kill.
The searing ray hits the gnoll sergeant!
The gnoll sergeant is heavily wounded.
You finish channelling your searing ray.
The gnoll shouts!
The gnoll sergeant hits you from afar with a +1 heavy spear.
The gnoll sergeant hits you from afar with a +1 heavy spear!
* * * LOW HITPOINT WARNING * * *
Things that are here:
a +0 club; a +0 robe; a gnoll corpse
Items here: )) ††.
You see here an iguana corpse.
There is an escape hatch in the floor here.
The gnoll sergeant hits you from afar with a +1 heavy spear!
You die...

#.##.# #...g...
#.##.# ######.#
#.##.# #.#
#g##.########.#
#.##..........#
#.####.........
####.#
#.########
#..g.# #.#
#@#### #.# #.#
#.# #.# #.# #.#
#.# #.# #.# #.#
#.# #.# #(#


You could see a gnoll sergeant.

Vanquished Creatures
  A water moccasin (Sewer)
  A gnoll bouda (D:6)
  Terence (D:2)
  An iguana (D:6)
  9 adders
  13 gnolls
  A worm (D:2)
  2 dart slugs
  9 endoplasms
  4 giant cockroaches
  10 goblins
  6 hobgoblins
  14 jackals
  2 quokkas (D:1)
  5 ball pythons
  5 bats
  6 kobolds
  4 rats
94 creatures vanquished.

Notes
Turn   | Place    | Note
-------+----------+-------------------------------------------
     0 | D:1      | ChadusMaximus the Human Conjurer began the quest for the
                  | Orb.
     0 | D:1      | Reached XP level 1. HP: 13/13 MP: 3/3
   156 | D:1      | Reached XP level 2. HP: 11/19 MP: 5/5
   521 | D:1      | Reached XP level 3. HP: 24/24 MP: 0/6
  1103 | D:2      | Reached XP level 4. HP: 29/30 MP: 2/7
  1152 | D:2      | Learned a level 2 spell: Searing Ray
  1183 | D:2      | Found a faded altar of an unknown god.
  1392 | D:2      | Reached skill level 5 in Conjurations
  1703 | D:2      | Reached XP level 5. HP: 30/35 MP: 1/9
  1824 | D:2      | Noticed Terence
  1837 | D:2      | Killed Terence
  2512 | D:3      | Reached XP level 6. HP: 25/41 MP: 10/10
  2732 | D:3      | Reached skill level 6 in Conjurations
  2811 | D:3      | Found a hide-covered altar of Uskayaw.
  3184 | D:4      | Found a staircase to the Ecumenical Temple.
  3201 | Temple   | Entered the Ecumenical Temple
  3224 | Temple   | Became a worshipper of Sif Muna the Loreminder
  3250 | D:4      | Identified the +9 flail "Ivuj" {elec, rF+}
  3423 | D:4      | Found a glowing drain.
  3439 | Sewer    | Entered a sewer
  3525 | Sewer    | Noticed a water moccasin
  3533 | Sewer    | Killed a water moccasin
  3725 | D:4      | Found Monykh's Distillery.
  3755 | D:4      | Noticed Ijyb
  3886 | D:4      | Noticed Robin
  4270 | D:4      | You are sucked into a shaft and drop 2 floors!
  4498 | D:6      | Reached XP level 7. HP: 46/46 MP: 9/12
  4540 | D:6      | Reached skill level 7 in Conjurations
  4621 | D:6      | Slain by a gnoll sergeant

Illustrated notes

Levels and vault maps discovered:
D:1:      dpeg_arrival_pits, layout_rooms
D:2:      cheibrodos_helix_gallery, layout_basic,
          shapermc_ecumenical_altar_pompeii, kennysheep_generic_room_16,
          uniq_terence
D:3:      layout_loops_ring, mainiacjoe_overflow_24_doors, minmay_crystal_water,
          lemuel_flame_loot_1
D:4:      layout_layer_cave, minmay_temple_entry_crystal_x,
          portal_sewer_entry_d, serial_shops, shop, uniq_robin, uniq_ijyb
D:6:      layout_loops_ring, lemuel_coloured_pillars_altar, minmay_hedge_maze,
          minmay_misc_feat_rows, uniq_maggie
Temple:   nicolae_temple_bog_church

Skill      XL: |  1  2  3  4  5  6  7 |
---------------+----------------------+-----
Conjurations   | 5 6 7 |  7.1
Spellcasting   | 3 4 |  4.1
Dodging        | |  2.2
Stealth        | |  2.2

Action                     |  1- 3 |  4- 6 |  7- 9 || total
---------------------------+-------+-------+-------++-------
  Melee: Hand axe          |     7 |       |       ||     7
         Dagger            |    40 |    58 |       ||    98
         Flail             |       |    82 |     4 ||    86
   Cast: Magic Dart        |    42 |    76 |    18 ||   136
         Searing Ray       |       |    10 |     3 ||    13
    Use: Scroll            |     1 |     9 |       ||    10
         Potion            |       |     2 |       ||     2
   Stab: Sleeping          |     2 |     2 |       ||     4
 Armour: Robe              |    27 |    48 |       ||    75
  Dodge: Dodged            |    60 |   172 |     8 ||   240
